 Dungeon Crawl Stone Soup version 0.29-a0-1009-g60c99734e7 (webtiles) character file.

Game seed: 7488069230470707794

6234 iguanaiguana the Geomancer (level 10, -3/56 HPs)
             Began as a Gargoyle Earth Elementalist on Aug 3, 2022.
             Was a Believer of Vehumet.
             Slain by a two-headed ogre
             ... wielding a +0 giant club
              (20 damage)
             ... on level 8 of the Dungeon on Aug 9, 2022.
             The game lasted 00:39:09 (11699 turns).

iguanaiguana the Geomancer (GrEE)                  Turns: 11699, Time: 00:39:09

Health: -3/56      AC: 14    Str: 11    XL:     10   Next: 93%
Magic:  11/19      EV: 15    Int: 19    God:    Vehumet [**....]
Gold:   202        SH:  5    Dex: 10    Spells: 8/21 levels left

rFire   + . .      SeeInvis .   n - +3 dagger (flame)
rCold   . . .      Faith    +   t - +0 buckler
rNeg    + . .      Spirit   .   O - +0 troll leather armour
rPois   ∞          Reflect  .   (no helmet)
rElec   +          Harm     .   y - +1 cloak of the Centipede {+Inv rF+}
rCorr   .          Rampage  .   l - +0 pair of gloves
Will    +....                   (no boots)
Stlth   +++.......              L - amulet "Zodysisi" {Faith rPois Regen+ Str-2}
HPRegen 1.78/turn               p - ring of willpower
MPRegen 0.16/turn               F - +4 ring of evasion

@: very slightly contaminated
A: sickness immunity, AC +7, negative energy resistance 1, electricity
resistance, torment resistance 1, petrification resistance
a: Renounce Religion, Evoke Invisibility


You were on level 8 of the Dungeon.
You worshipped Vehumet.
Vehumet was pleased with you.
You visited 2 branches of the dungeon, and saw 9 of its levels.
You also visited: Sewer and Bailey.

You collected 672 gold pieces.
You spent 470 gold pieces at shops.

Inventory:

Hand Weapons
 n - a +3 dagger of flaming (weapon)
 B - a +1 vampiric morningstar
Missiles
 r - 3 boomerangs
 u - 10 poisoned darts
 H - a throwing net
 I - a curare-tipped dart
 J - 5 javelins
Armour
 l - a +0 pair of gloves (worn)
 t - a +0 buckler (worn)
 y - the +1 cloak of the Centipede (worn) {+Inv rF+}
   (You found it in a bailey)

   rF:        It protects you from fire.
   +Inv:      It lets you turn invisible.
 O - a +0 troll leather armour (worn)
Magical Staves
 G - a staff of poison
Jewellery
 a - a ring of protection from cold
 p - a ring of willpower (left hand)
 w - an amulet of the acrobat
 F - a +4 ring of evasion (right hand)
 L - the amulet "Zodysisi" (around neck) {Faith rPois Regen+ Str-2}
   (You bought it in a shop on level 2 of the Dungeon)

   [amulet of faith]

   It allows you to gain divine favour quickly.
   Str:       It affects your strength (-2).
   rPois:     It protects you from poison.
   Regen:     It increases your rate of health regeneration.
Wands
 v - a wand of roots (5)
Scrolls
 c - 2 scrolls of poison {unknown}
 e - 3 scrolls of teleportation {unknown}
 h - 9 scrolls of identify {unknown}
 j - 3 scrolls of enchant weapon {unknown}
 o - 3 scrolls of acquirement {unknown}
 s - 2 scrolls of torment {unknown}
 x - 5 scrolls of immolation {unknown}
 z - 3 scrolls of butterflies {unknown}
 A - a scroll of summoning {unknown}
 C - 2 scrolls of magic mapping {unknown}
 D - 2 scrolls of noise {unknown}
 N - a scroll of vulnerability {unknown}
Potions
 b - a potion of magic
 d - 3 potions of heal wounds {unknown}
 f - 6 potions of degeneration
 g - 2 potions of ambrosia {unknown}
 i - 6 potions of curing {unknown}
 k - a potion of haste {@q4}
 m - a potion of might {unknown}
 q - 3 potions of attraction {unknown}
 E - 4 potions of flight
 K - a potion of lignification {unknown}


   Skills:
 - Level 4.0 Fighting
 + Level 4.7 Short Blades
 - Level 1.5 Dodging
 - Level 6.0 Stealth
 - Level 5.0 Shields
 - Level 6.0 Spellcasting
 - Level 5.0 Conjurations
 - Level 4.0 Translocations
 - Level 4.0 Transmutations
 - Level 9.0 Earth Magic
 - Level 4.0 Evocations


You had 8 spell levels left.
You knew the following spells:

 Your Spells              Type           Power      Damage    Failure   Level
a - Sandblast             Erth           78%        2d17      1%          1
b - Stone Arrow           Conj/Erth      64%        3d11      3%          3
c - Passwall              Tmut/Erth      25%        N/A       1%          2
d - Petrify               Tmut/Erth      30%        N/A       13%         4
e - Blink                 Tloc           40%        N/A       5%          2
f - Apportation           Tloc           40%        N/A       3%          1

Your spell library contained the following spells:

 Spells                   Type           Power      Damage    Failure   Level
 Dazzling Flash           Conj/Hex       30%        N/A       21%         3
 Lesser Beckoning         Tloc           20%        N/A       11%         3
 Necrotise                Necr           20%        1d5       19%         1
 Summon Small Mammal      Summ           20%        N/A       19%         1
 Passage of Golubria      Tloc           20%        N/A       36%         4
 Tukima's Dance           Hex            5%         N/A       50%         3
 Manifold Assault         Tloc           20%        N/A       71%         5
 Summon Ice Beast         Ice/Summ       5%         N/A       88%         4
 Yara's Violent Unravell  Hex/Tmut       6%         3d5       93%         5
 Summon Mana Viper        Hex/Summ       5%         N/A       99%         5
 Malign Gateway           Summ/Tloc      6%         N/A       100%        7
 Monstrous Menagerie      Summ           2%         N/A       100%        7
 Summon Horrible Things   Summ           2%         N/A       100%        8


Dungeon Overview and Level Annotations

Branches:
Dungeon (8/15) Zot: 26590  Temple (1/1) D:5 Zot: 5783   Sewer (visited)
 Bailey (visited)
   Lair: D:8-11

Altars:
Ashenzari
Cheibriados
Dithmenos
Elyvilon
Fedhas
Gozag
Hepliaklqana
Kikubaaqudgha
Okawaru
Qazlal
Ru
Sif Muna
Trog
Uskayaw
Vehumet
Wu Jian
Xom
Yredelemnul
Zin
The Shining One

Shops:
D:2 =   D:4 =   D:6 (

Annotations:
D:8 Gastronok


Innate Abilities, Weirdness & Mutations

You are immune to sickness and miasma.
Your stone body is resilient. (AC +7)
You are immune to poison.
You resist negative energy. (rN+)
You are resistant to electric shocks. (rElec)
You are resistant to unholy torment.
You are immune to petrification.


Message History

You hear two shouts!
Casting: Stone Arrow (dangerous; 3% risk of failure)
Confirm with . or Enter, or press ? or * to list all spells.
Aiming: Petrify (dangerous; 13% risk of failure)
Press: ? - help, Shift-Dir - straight line, f - Gastronok
Aim: Gastronok, wearing a +2 hat (chance to affect: 13%)
Okay, then.
Casting: Petrify (dangerous; 13% risk of failure)
Confirm with . or Enter, or press ? or * to list all spells.
You can't see any susceptible monsters within range! (Use Z to cast anyway.)
Casting: Petrify (dangerous; 13% risk of failure)
Confirm with . or Enter, or press ? or * to list all spells.
Okay, then.
A two-headed ogre comes into view.
It is wielding a +0 giant club and a +0 giant spiked club.
Found 15 gold pieces.
Gastronok waves his eye-stalks in wide circles.
The air twists around and strikes you!
A two-headed ogre is nearby!
A two-headed ogre is nearby!
Casting: Petrify (dangerous; 13% risk of failure)
Confirm with . or Enter, or press ? or * to list all spells.
Aiming: Petrify (dangerous; 13% risk of failure)
Press: ? - help, Shift-Dir - straight line, f - two-headed ogre
Aim: a two-headed ogre, wielding a +0 giant club and a +0 giant spiked club (chance to affect: 42%)
You miscast Petrify.
You are very lightly contaminated with residual magic.
Nothing appears to happen.
Casting: Petrify (dangerous; 13% risk of failure)
Confirm with . or Enter, or press ? or * to list all spells.
Aiming: Petrify (dangerous; 13% risk of failure)
Press: ? - help, Shift-Dir - straight line, f/p - two-headed ogre
Aim: a two-headed ogre, wielding a +0 giant club and a +0 giant spiked club (chance to affect: 42%)
The two-headed ogre resists with some effort.
The two-headed ogre attacks as you move away!
The two-headed ogre hits you with a +0 giant club!!
The two-headed ogre attacks as you move away!
The two-headed ogre hits you with a +0 giant club!!
* * * LOW HITPOINT WARNING * * *
The two-headed ogre hits you with a +0 giant spiked club!!
You die...

###############
#..............
#.############# ###########.#
#......O@<..# ###
#.#.####.#### ..### #.#.# #.#
O...# #O#)# #.###########
#.#.# #.#.# #...........##
#.#.#####.#.###########.##..#
#.....O...#......##.........#
###.#######......##.~≈~~~~~.#
#.# #......##.~#####~.#


You could see a two-headed ogre.

Vanquished Creatures
  Pikel (D:4)
  An orc knight (Bailey)
  A gargoyle (D:7)
  2 trolls (D:7)
  A shadow (D:8)
  2 steam dragons
  A water moccasin (D:7)
  2 ice beasts (D:6)
  Duvessa (D:6)
  3 sky beasts (D:7)
  6 orc warriors
  3 ogres
  4 centaurs (D:7)
  2 phantoms
  3 kobold brigands (D:7)
  4 bullfrogs
  A necrophage (D:6)
  2 scorpions
  5 wights
  Dowan (D:6)
  5 killer bees
  2 howler monkeys
  A jelly (D:6)
  2 hounds
  5 gnoll boudas
  3 iguanas
  Terence (D:2)
  4 orc wizards
  Natasha (thrice) (D:3)
  The ghost of jlumianski the Trooper, a weakling MiFi (D:3)
  6 river rats (Sewer)
  13 adders
  15 gnolls
  A shadow imp (D:7)
  A white imp (D:7)
  8 worms
  3 dart slugs
  29 orcs
  9 ball pythons
  5 bats
  8 endoplasms
  6 giant cockroaches
  9 goblins
  5 hobgoblins
  5 jackals
  8 quokkas
  5 frilled lizards
  14 kobolds
  8 rats
231 creatures vanquished.

Notes
Turn   | Place    | Note
-------+----------+-------------------------------------------
     0 | D:1      | iguanaiguana the Gargoyle Earth Elementalist began the
                  | quest for the Orb.
     0 | D:1      | Reached XP level 1. HP: 10/10 MP: 3/3
   156 | D:1      | Reached skill level 4 in Earth Magic
   273 | D:1      | Reached XP level 2. HP: 15/15 MP: 3/5
   708 | D:1      | Reached skill level 5 in Earth Magic
   708 | D:1      | Reached XP level 3. HP: 19/19 MP: 4/6
  1124 | D:2      | Found Onodamun's Jewellery Shoppe.
  1231 | D:2      | Reached XP level 4. HP: 23/24 MP: 2/7
  1314 | D:2      | Noticed Terence
  1408 | D:2      | Learned a level 2 spell: Passwall
  1447 | D:2      | Reached skill level 6 in Earth Magic
  1947 | D:3      | Noticed Natasha
  1949 | D:3      | Killed Natasha
  1950 | D:3      | Reached XP level 5. HP: 28/28 MP: 6/8
  1965 | D:3      | Noticed Natasha
  1980 | D:3      | Killed Natasha
  1981 | D:3      | Reached skill level 7 in Earth Magic
  1985 | D:3      | Learned a level 3 spell: Stone Arrow
  2111 | D:3      | Noticed jlumianski's ghost (weakling MiFi)
  2114 | D:3      | Found a runed translucent door.
  2120 | D:3      | Noticed Natasha
  2126 | D:3      | Killed Natasha
  2127 | D:3      | Reached skill level 1 in Shields
  2429 | D:4      | Found Poigelet's Jewellery Shoppe.
  2526 | D:4      | Found a shimmering altar of Xom.
  2527 | D:4      | Found a shimmering altar of Xom.
  2527 | D:4      | Found a shimmering altar of Xom.
  2528 | D:4      | Found a shimmering altar of Xom.
  2528 | D:4      | Found a shimmering altar of Xom.
  2533 | D:4      | Found a shimmering altar of Xom.
  2533 | D:4      | Found a shimmering altar of Xom.
  2587 | D:4      | Reached skill level 1 in Conjurations
  2769 | D:4      | Reached XP level 6. HP: 32/32 MP: 7/9
  3208 | D:5      | Entered Level 5 of the Dungeon
  3271 | D:5      | Found a glowing drain.
  3302 | Sewer    | Entered a sewer
  3623 | Sewer    | Reached XP level 7. HP: 32/36 MP: 6/10
  3704 | Sewer    | Reached skill level 5 in Conjurations
  3709 | Sewer    | Learned a level 4 spell: Petrify
  4323 | D:5      | Reached skill level 1 in Fighting
  4354 | D:5      | Found a shadowy altar of Dithmenos.
  4438 | D:5      | Found a blossoming altar of Fedhas.
  4482 | D:5      | Noticed Pikel
  4684 | D:4      | Killed Pikel
  4685 | D:4      | Reached XP level 8. HP: 10/48 MP: 1/11
  5040 | D:5      | Reached skill level 5 in Shields
  5335 | D:5      | Found a staircase to the Ecumenical Temple.
  5686 | D:6      | Reached skill level 1 in Evocations
  5703 | D:6      | Noticed Dowan
  6329 | D:6      | Found Rompid's Antique Weapon Shoppe.
  6401 | D:6      | Noticed Duvessa
  6412 | D:6      | Killed Duvessa
  6515 | D:6      | Killed Dowan
  6521 | D:5      | Learned a level 2 spell: Blink
  6559 | D:6      | Reached XP level 9. HP: 52/52 MP: 0/14
  6692 | Temple   | Entered the Ecumenical Temple
  6870 | Temple   | Became a worshipper of Vehumet
  6948 | D:6      | Reached skill level 1 in Translocations
  8039 | D:7      | Reached skill level 5 in Spellcasting
  8574 | D:2      | Bought the amulet "Zodysisi" {Faith rPois Regen+ Str-2} for
                  | 470 gold pieces
  8595 | D:2      | Killed Terence
  8720 | D:3      | Killed jlumianski's ghost
  8885 | D:7      | Noticed a troll
  8899 | D:7      | Killed a troll
  8930 | D:7      | Learned a level 1 spell: Apportation
  8953 | D:7      | Reached skill level 1 in Transmutations
  9183 | D:7      | Upgraded the game from 0.29-a0-993-g4a18f31a58 to
                  | 0.29-a0-1009-g60c99734e7
  9205 | D:7      | Identified the +1 robe of the Wasteland {Str+4}
  9299 | D:7      | Reached * piety under Vehumet
  9299 | D:7      | Offered knowledge of Foxfire by Vehumet.
  9403 | D:7      | Identified the +0 scale mail of the Dolphin {-Tele Dex+10}
  9498 | D:7      | Reached XP level 10. HP: 56/56 MP: 9/19
  9565 | D:7      | Noticed a gargoyle
  9592 | D:7      | Killed a gargoyle
 10187 | D:7      | Reached skill level 1 in Short Blades
 10187 | D:7      | Reached skill level 8 in Earth Magic
 10731 | D:8      | Noticed a two-headed ogre
 10736 | D:7      | Reached skill level 5 in Stealth
 10810 | D:7      | Reached skill level 9 in Earth Magic
 10812 | D:8      | Reached ** piety under Vehumet
 10812 | D:8      | Offered knowledge of Magic Dart by Vehumet.
 10892 | D:8      | Found a flagged portal.
 10948 | Bailey   | Entered a bailey
 11148 | Bailey   | Noticed an orc knight
 11320 | Bailey   | Killed an orc knight
 11393 | Bailey   | Identified the +1 cloak of the Centipede {+Inv rF+}
 11614 | D:8      | Offered knowledge of Dazzling Flash by Vehumet.
 11655 | D:8      | Noticed Gastronok
 11656 | D:8      | Noticed a two-headed ogre
 11699 | D:8      | Slain by a two-headed ogre

Illustrated notes

Levels and vault maps discovered:
D:1:      eino_arrival_cavern_c, layout_basic
D:2:      layout_rooms, serial_shops, shop_statue, kennysheep_generic_room_7,
          uniq_terence
D:3:      layout_rooms, hellmonk_ghost_happy_afterlife, uniq_natasha
D:4:      layout_basic, nicolae_xom_altar_mimics, serial_shops,
          nicolae_stop_n_shop_1, minmay_bent
D:5:      layout_layer_cave, fedhas_altar_2,
          nicolae_dithmenos_through_a_glass_darkly, temple_hall_moat,
          cheibrodos_sewer_entry_drain, uniq_pikel
D:6:      layout_basic, serial_shops, nicolae_shop_window_shopping,
          lemuel_old_faithful, uniq_duvessa
D:7:      kennysheep_windowed_halls, layout_loops_corners, grunt_ministairs_10
D:8:      layout_loops_ring, serial_shops, kennysheep_mini, enter_bailey_3,
          uniq_maggie, uniq_gastronok
Temple:   minmay_crystal_spiral_temple

Skill      XL: |  1  2  3  4  5  6  7  8  9 10 |
---------------+-------------------------------+-----
Earth Magic    | 4 5 6 7 9 |  9.0
Shields        | 2 4 5 |  5.0
Conjurations   | 1 4 5 |  5.0
Fighting       | 4 |  4.0
Stealth        | 3 4 6 |  6.0
Evocations     | 3 4 |  4.0
Spellcasting   | 3 6 |  6.0
Translocations | 4 |  4.0
Transmutations | 2 4 |  4.0
Short Blades   | 4 |  4.7
Dodging        | |  1.5

Action                   |  1- 3 |  4- 6 |  7- 9 | 10-12 || total
-------------------------+-------+-------+-------+-------++-------
Melee: Unarmed           |     1 |       |       |       ||     1
       Morningstar       |       |     8 |    14 |       ||    22
       Dagger            |       |       |     7 |   222 ||   229
Throw: Boomerang         |       |       |     1 |       ||     1
 Cast: Sandblast         |    54 |    80 |    52 |       ||   186
       Stone Arrow       |       |     5 |    90 |    50 ||   145
       Petrify           |       |       |       |    18 ||    18
Evoke: Wand              |       |       |     5 |     2 ||     7
 Stab: Paralysed         |       |       |     7 |       ||     7
       Petrified         |       |       |       |    36 ||    36
       Petrifying        |       |       |       |     4 ||     4
       Sleeping          |       |       |       |     3 ||     3
Armor: Robe              |    10 |    24 |    35 |       ||    69
       Steam dragon scal |       |       |    15 |     9 ||    24
       Troll leather arm |       |       |       |    48 ||    48
Dodge: Dodged            |    12 |    31 |    77 |   139 ||   259
Block: Buckler           |       |     7 |    26 |    63 ||    96

Table legend: (Time is in decaauts)
 A = Elapsed time spent in this place.
 B = Non-inter-level travel time spent in this place.
 C = Inter-level travel time spent in this place.
 D = Time resting spent in this place.
 E = Time spent auto-exploring this place.
 F = Levels seen in this place.
 G = Mean time per level.
                   A        B        C        D        E       F      G
               +--------+--------+--------+--------+--------+-----+--------+
         Total |  12065 |  10746 |   1319 |   1543 |   6602 |  11 | 1096.8 |
       Dungeon |  10150 |   8919 |   1231 |   1477 |   5533 |   8 | 1268.8 |
        Temple |    216 |    128 |     88 |      0 |    111 |   1 |  216.0 |
         Sewer |   1141 |   1141 |      0 |     66 |    890 |   1 | 1141.0 |
        Bailey |    557 |    557 |      0 |      0 |     67 |   1 |  557.0 |
               +--------+--------+--------+--------+--------+-----+--------+

Top non-repeatable levels by time:
     D:7: 2300 daAuts
     D:5: 1922 daAuts
     D:6: 1591 daAuts
     D:4: 1267 daAuts
   Sewer: 1141 daAuts
     D:2: 1107 daAuts
     D:1: 961 daAuts
     D:3: 672 daAuts
  Bailey: 557 daAuts
     D:8: 327 daAuts
  Temple: 216 daAuts
